 Dungeon Crawl Stone Soup version 0.20-a0-923-g548304e (webtiles) character file.

9281 SpeedGuruRKaid the Cleaver (level 11, -4/99 HPs)
             Began as a Minotaur Berserker on Mar 26, 2017.
             Was a High Priest of Trog.
             Slain by an unseen horror (9 damage)
             ... on level 10 of the Dungeon.
             The game lasted 00:11:17 (8450 turns).

SpeedGuruRKaid the Cleaver (Minotaur Berserker)     Turns: 8450, Time: 00:11:18

Health: -4/99      AC:  0    Str: 23    XL:     11   Next: 21%
Magic:  10/10      EV:  8    Int:  5    God:    Trog [*****.]
Gold:   536        SH: 19    Dex: 11    Spells: 10/10 levels left

rFire    + . .     SeeInvis .   a - +0 hand axe
rCold    + . .     Gourm    .   q - +3 large shield
rNeg     + + .     Faith    .   E - +1 ring mail of Vehumet's Fury {*Contam *Corrode rPois rN++}
rPois    +         Spirit   .   (helmet restricted)
rElec    .         Reflect  .   G - scarf {rC+ rF+}
rCorr    .         Harm     .   (no gloves)
MR       .....                  (no boots)
Stlth    +.........             (no amulet)
Regen    0.3/turn               H - ring of poison resistance
MPRegen  0.2/turn               (no ring)

@: corroded, drained
A: retaliatory headbutt, horns 2
a: Berserk, Trog's Hand, Brothers in Arms, Burn Spellbooks, Renounce Religion


You were on level 10 of the Dungeon.
You worshipped Trog.
Trog was extremely pleased with you.
You were not hungry.

You visited 1 branch of the dungeon, and saw 10 of its levels.

You collected 536 gold pieces.

Inventory:

Hand Weapons
 a - a +0 hand axe (weapon)
Missiles
 j - 3 javelins (quivered)
Armour
 e - a +0 scale mail of fire resistance
 l - a +2 chain mail of magic resistance
 q - a +3 large shield (worn)
 y - a +4 ring mail
 E - the +1 ring mail of Vehumet's Fury (worn) {*Contam *Corrode rPois rN++}
   (You found it on level 7 of the Dungeon)

   It protects you from poison.
   It greatly protects you from negative energy.
   It causes magical contamination when unequipped.
   It may corrode you when you take damage.
 G - a scarf of resistance (worn)
Jewellery
 b - the ring "Oggil" {*Tele rPois rF+ Stlth+}
   (You found it on level 5 of the Dungeon)

   [ring of teleportation]

   It may teleport you next to monsters.
   It protects you from fire.
   It protects you from poison.
   It makes you more stealthy.
 H - a ring of poison resistance (left hand)
 K - an uncursed ring of ice
Wands
 r - a wand of random effects (28/48)
 s - a wand of random effects (18/48)
 v - a wand of digging (24/24)
 x - a wand of random effects (33/48)
 F - a wand of disintegration (2/24)
 I - a wand of acid (5/15)
 L - a wand of clouds (2/9)
 M - a wand of polymorph (4/24)
Scrolls
 d - 4 scrolls of remove curse
 m - a scroll of blinking
 n - 12 scrolls of teleportation
 p - a scroll of fear
 t - 2 scrolls of enchant armour
 J - 2 scrolls of identify
Potions
 f - 2 potions of curing
 g - 3 potions of heal wounds
 h - 2 potions of haste
 i - 3 potions of might
 k - a potion of agility
 o - 2 potions of mutation
 u - a potion of resistance
 z - 5 potions of lignification
 A - 2 potions of flight
 B - a potion of invisibility
 C - a potion of cancellation {unknown}
 D - a potion of ambrosia {unknown}
Comestibles
 c - 4 bread rations
 w - 3 meat rations


   Skills:
 + Level 9.9(9.8) Fighting
 * Level 14.2 Axes
 + Level 9.6 Armour
 - Level 2.1 Dodging
 - Level 0.6 Stealth
 + Level 7.6 Shields


You had 10 spell levels left.
You didn't know any spells.

Dungeon Overview and Level Annotations

Branches:
Dungeon (10/15)            Temple (0/1) D:4
   Lair: D:8-11         Orc: D:9-12

Altars:
Ashenzari
Gozag
Makhleb
Okawaru
Vehumet
Yredelemnul
The Shining One


Innate Abilities, Weirdness & Mutations

You reflexively headbutt those who attack you in melee.
You have a pair of horns on your head.


Message History

You block something's attack.
You miss something. Something hits you. Something hits you but does no damage.
You completely miss something. Something hits you.
* * * LOW HITPOINT WARNING * * *
Your corrosive artefact corrodes you!
You miss something. You headbutt something.
Something hits you but does no damage.
You hit something but do no damage. Something completely misses you.
Something hits you!
* * * LOW HITPOINT WARNING * * *
Your shield prevents you from hitting something.
Your headbutt misses something. Something hits you.
* * * LOW HITPOINT WARNING * * *
Something hits you.
* * * LOW HITPOINT WARNING * * *
You hit something but do no damage. Something hits you!
* * * LOW HITPOINT WARNING * * *
Your corrosive artefact corrodes you!
Something hits you!
You die...

#......####...........#
#......'..#...........#
#......##.#.......%...#
+......##.#..........$#
#...†..##.#...........#
#......##.'.....[.....#
#......####...........#
####'### #########'###
#.### #@...# #...#
#.#### #####'## #.#
#......# ... ##......+
..>.. .'......# .......
##......# ##......#
#......# #......#
#......# #......#


There were no monsters in sight!

Vanquished Creatures
  The ghost of jermanator181 the Grappler, a journeyman TrMo of Wu Jian (D:8)
  Fannar (D:10)
  3 two-headed ogres
  Sonja (D:10)
  Psyche (D:8)
  A hippogriff (D:7)
  5 yaks (D:9)
  An orc warrior (D:6)
  An eye of draining (D:8)
  2 phantoms
  3 ice beasts
  6 sky beasts
  An ogre (D:6)
  4 centaurs
  A crocodile (D:8)
  A big kobold (D:7)
  9 bullfrogs
  3 scorpions (D:5)
  4 killer bees (D:8)
  3 wights (D:10)
  2 howler monkeys
  2 crimson imps (D:8)
  4 hounds
  3 orc priests (D:8)
  A centaur zombie (D:6)
  A human zombie (D:9)
  2 jellies
  A quasit (D:8)
  2 bullfrog skeletons (D:9)
  2 orc wizards
  4 iguanas
  Ijyb (D:3)
  Jessica (D:3)
  Natasha (thrice) (D:3 D:5)
  A centaur skeleton (D:10)
  Terence (D:3)
  5 worker ants
  2 hound zombies (D:9)
  A hound skeleton (D:8)
  A mummy (D:9)
  3 worker ant zombies
  A gnoll (D:5)
  8 adders
  2 shadow imps
  A worm (D:4)
  An adder skeleton (D:8)
  An adder zombie (D:4)
  2 dart slugs
  4 leopard geckos
  13 orcs
  2 ball pythons
  5 giant cockroaches
  7 goblins
  7 hobgoblins
  6 jackals
  2 quokkas
  7 bats
  8 frilled lizards
  12 kobolds
  3 rats
187 creatures vanquished.

Vanquished Creatures (others)
  4 toadstools (D:1)
4 creatures vanquished.

Grand Total: 191 creatures vanquished

Notes
Turn   | Place    | Note
-------+----------+-------------------------------------------
     0 | D:1      | SpeedGuruRKaid the Minotaur Berserker began the quest for the Orb.
     0 | D:1      | Reached XP level 1. HP: 19/19 MP: 0/0
   203 | D:1      | Reached skill level 4 in Axes
   206 | D:1      | Reached XP level 2. HP: 27/27 MP: 1/1
   890 | D:2      | Reached ** piety under Trog
   932 | D:2      | Reached XP level 3. HP: 33/33 MP: 2/2
  1078 | D:3      | Reached skill level 5 in Axes
  1133 | D:3      | Noticed Natasha
  1139 | D:3      | Noticed Terence
  1141 | D:3      | Killed Natasha
  1141 | D:3      | Reached XP level 4. HP: 27/40 MP: 3/3
  1148 | D:3      | Killed Terence
  1197 | D:3      | Noticed Jessica
  1200 | D:3      | Noticed Ijyb
  1204 | D:3      | Killed Jessica
  1208 | D:3      | Killed Ijyb
  1208 | D:3      | Reached skill level 6 in Axes
  1208 | D:3      | Reached XP level 5. HP: 47/47 MP: 4/4
  1566 | D:4      | Found a staircase to the Ecumenical Temple.
  1923 | D:4      | Reached skill level 7 in Axes
  2156 | D:5      | Entered Level 5 of the Dungeon
  2242 | D:5      | Reached XP level 6. HP: 50/53 MP: 5/5
  2431 | D:5      | Noticed Natasha
  2431 | D:5      | Killed Natasha
  2434 | D:5      | Got a glittering bone ring
  2446 | D:5      | Reached *** piety under Trog
  2478 | D:5      | Reached skill level 8 in Axes
  2478 | D:5      | Reached XP level 7. HP: 37/60 MP: 6/6
  2699 | D:5      | Reached skill level 5 in Fighting
  2924 | D:5      | Noticed Natasha
  2928 | D:5      | Killed Natasha
  3055 | D:5      | Found a burning altar of Makhleb.
  3286 | D:5      | Reached skill level 5 in Armour
  3423 | D:6      | Reached skill level 9 in Axes
  3658 | D:6      | Reached XP level 8. HP: 69/69 MP: 7/7
  3732 | D:6      | Found an iron altar of Okawaru.
  3893 | D:6      | Reached skill level 10 in Axes
  4312 | D:7      | Found an opulent altar of Gozag.
  4566 | D:7      | Reached skill level 1 in Shields
  4988 | D:7      | Reached skill level 11 in Axes
  5231 | D:7      | Found a burning altar of Makhleb.
  5232 | D:7      | Found a glowing golden altar of the Shining One.
  5356 | D:7      | Got a crude ring mail
  5367 | D:7      | Identified the cursed +1 ring mail of Vehumet's Fury {*Contam *Corrode rPois rN++} (You found it on level 7 of the Dungeon)
  5367 | D:7      | Identified the ring "Oggil" {*Tele rPois rF+ Stlth+} (You found it on level 5 of the Dungeon)
  5395 | D:7      | Noticed a hippogriff
  5412 | D:7      | Killed a hippogriff
  5412 | D:7      | Reached XP level 9. HP: 59/78 MP: 8/8
  5431 | D:8      | Found a radiant altar of Vehumet.
  5448 | D:8      | Reached **** piety under Trog
  5527 | D:8      | Noticed Psyche
  5557 | D:8      | Killed Psyche
  5797 | D:8      | You fall through a shaft for 2 floors!
  5797 | D:10     | Entered Level 10 of the Dungeon
  5797 | D:10     | Noticed Fannar
  5909 | D:8      | Noticed a two-headed ogre
  5926 | D:8      | Killed a two-headed ogre
  5926 | D:8      | Reached skill level 12 in Axes
  6414 | D:8      | Noticed jermanator181's ghost (journeyman TrMo)
  6437 | D:8      | Killed jermanator181's ghost
  6437 | D:8      | Reached skill level 5 in Shields
  6437 | D:8      | Reached XP level 10. HP: 55/90 MP: 9/9
  6570 | D:8      | Found a shattered altar of Ashenzari.
  6704 | D:8      | Reached skill level 13 in Axes
  6768 | D:8      | Noticed a two-headed ogre
  6779 | D:8      | Killed a two-headed ogre
  7261 | D:8      | You fall through a shaft!
  7899 | D:9      | Found a basalt altar of Yredelemnul.
  7905 | D:9      | Reached ***** piety under Trog
  7954 | D:10     | Noticed Sonja
  7981 | D:10     | Killed Sonja
  8071 | D:10     | Reached XP level 11. HP: 81/97 MP: 10/10
  8105 | D:10     | Noticed a two-headed ogre
  8112 | D:10     | Killed a two-headed ogre
  8112 | D:10     | Reached skill level 14 in Axes
  8170 | D:10     | Killed Fannar
  8450 | D:10     | Slain by an unseen horror

Vault maps used:
D:1:      ldierk_walled_garden_2
D:2:      fedhas_altar_1
D:3:      kennysheep_pointless_box, minmay_misc_feat_chi, serial_bayou_pond_c,
          uniq_natasha, uniq_iyjb, uniq_jessica, uniq_terence
D:4:      lemuel_upstairs_altar, minmay_temple_entry_glass, first_bread
D:5:      wad_river_or_something, bloody_makhleb
D:6:      okawaru_ov_weapons_minmay
D:7:      nicolae_overflow_hidden_temple, gammafunk_temple_overflow_statue
D:8:      cheibrodos_ashenzari_chains, overflow_temple_1_default,
          minmay_lizard_king, uniq_psyche
D:9:      lemuel_mausoleum_altar_yredelemnul, kennysheep_little_box
D:10:     uniq_grum, uniq_fannar, uniq_sonja

Skill      XL: |  1  2  3  4  5  6  7  8  9 10 11 |
---------------+----------------------------------+-----
Axes           | 4 5 6 7 8 9 11 12 13 14 | 14.2
Fighting       | 4 5 6 8 9 |  9.9
Armour         | 3 4 5 6 8 9 |  9.6
Shields        | 2 5 7 |  7.6
Dodging        | |  2.1
Stealth        | |  0.6

Action                   |  1- 3 |  4- 6 |  7- 9 | 10-12 || total
-------------------------+-------+-------+-------+-------++-------
Melee: Hand axe          |    84 |   112 |   306 |   257 ||   759
       Headbutt          |     6 |    26 |    69 |    65 ||   166
Invok: Berserk           |       |     2 |     6 |     5 ||    13
       Burn Spellbooks   |       |       |     1 |       ||     1
  Use: Scroll            |       |       |    11 |     3 ||    14
       Potion            |       |       |     1 |       ||     1
 Stab: Invisible         |       |       |     2 |       ||     2
  Eat: Chunk             |       |     5 |    12 |     5 ||    22
       Fruit             |       |     2 |       |       ||     2
       Royal jelly       |       |       |     3 |     1 ||     4
       Bread ration      |       |       |       |     2 ||     2
Armor: Chain mail        |    52 |    30 |       |       ||    82
       Animal skin       |     1 |       |       |       ||     1
       Ring mail         |       |    17 |   118 |    47 ||   182
Dodge: Dodged            |    44 |    50 |    70 |    23 ||   187
Block: Large shield      |       |       |   146 |   201 ||   347
